 Dungeon Crawl Stone Soup version 0.30-a0-210-g01b79a254e (webtiles) character file.

Game seed: 6300256942236829864

67 Iusername the Shield-Bearer (level 4, -5/40 HPs)
             Began as a Minotaur Fighter on Oct 4, 2022.
             Was an Initiate of Yredelemnul.
             Slain by Sigmund
             ... wielding a +0 scythe
              (9 damage)
             ... on level 3 of the Dungeon.
             The game lasted 00:01:50 (1257 turns).

Iusername the Shield-Bearer (Minotaur Fighter)      Turns: 1257, Time: 00:01:51

Health: -5/40      AC:  7    Str: 22    XL:     4   Next: 0%
Magic:  3/3        EV:  9    Int:  5    God:    Yredelemnul [......]
Gold:   74         SH:  4    Dex: 10    Spells: 3/3 levels left

rFire   . . .      SeeInvis .    a - +0 trident
rCold   . . .      Faith    .    c - +0 buckler
rNeg    . . .      Spirit   .    b - +0 scale mail
rPois   .          Reflect  .    (helmet restricted)
rElec   .          Harm     .    (no cloak)
rCorr   .          Rampage  .    (no gloves)
Will    .....                    (no boots)
Stlth   ..........               (no amulet)
HPRegen 0.26/turn                (no ring)
MPRegen 0.08/turn                (no ring)

@: no status effects
A: horns 2, retaliatory headbutt
a: Renounce Religion, Recall Undead Harvest


You were on level 3 of the Dungeon.
You worshipped Yredelemnul.
Yredelemnul was noncommittal.
You visited 1 branch of the dungeon, and saw 3 of its levels.

You collected 74 gold pieces.

Inventory:

Hand Weapons
 a - a +0 trident (weapon)
Armour
 b - a +0 scale mail (worn)
 c - a +0 buckler (worn)
Jewellery
 r - a ring of poison resistance
Scrolls
 f - a scroll of magic mapping {unknown}
 h - a scroll of acquirement {unknown}
 k - a scroll of vulnerability {unknown}
 l - a scroll of identify {unknown}
 n - a scroll of silence {unknown}
 p - 3 scrolls of butterflies {unknown}
 q - a scroll of enchant armour {unknown}
Potions
 d - a potion of might
 e - 3 potions of heal wounds {unknown}
 g - a potion of ambrosia {unknown}
 i - a potion of lignification {unknown}
 j - 3 potions of curing {unknown}
 m - 3 potions of flight {unknown}
 o - a potion of haste {unknown}


   Skills:
 + Level 4.3 Fighting
 + Level 3.0 Polearms
 + Level 4.3 Armour
 + Level 0.5 Dodging
 + Level 4.3 Shields


You had 3 spell levels left.
You didn't know any spells.
Your spell library contained the following spells:

 Spells                   Type           Power      Damage    Failure   Level
 Dazzling Flash           Conj/Hex       0%         N/A       99%         3
 Agony                    Necr           0%         N/A       100%        5
 Silence                  Hex/Air        0%         N/A       100%        5


Dungeon Overview and Level Annotations

Branches:
Dungeon (3/15)

Altars:
Yredelemnul

Annotations:
D:3 Sigmund


Innate Abilities, Weirdness & Mutations

You have a pair of horns on your head.
You reflexively headbutt those who attack you in melee.


Message History

You feel agile.
No target in view!
You now have 74 gold pieces (gained 7).
You see here a +0 club.
There is a stone staircase leading down here.
Sigmund the Dreaded comes into view.
He is wielding a +0 scythe and wearing a +1 robe of positive energy.
Sigmund is nearby!
Found a scroll labelled NIPUCE ERHEATH.
Sigmund casts a spell at you. The puff of flame hits you.
Sigmund is nearby!
Sigmund casts a spell.
Sigmund flickers and vanishes!
Deactivating autopickup; reactivate with Ctrl-A.
No target in view!
No target in view!
Something hits you but does no damage.
You completely miss something. Something hits you!
You barely miss something.
You hear some strange, mumbled words.
Something tries to affect you, but you resist.
You closely miss something.
You hear some strange, mumbled words.
A puff of flame appears from out of thin air!
The puff of flame hits you.
You closely miss something. Something hits you.
You puncture something! Something hits you.
You barely miss something. You miss something. Your headbutt misses something.
Something hits you.
* * * LOW HITPOINT WARNING * * *
You hit something. Your headbutt misses something. Something hits you.
* * * LOW HITPOINT WARNING * * *
You miss something. Your headbutt misses something. Something hits you.
* * * LOW HITPOINT WARNING * * *
You closely miss something. Something hits you.
* * * LOW HITPOINT WARNING * * *
You miss something. Your headbutt misses something. You miss something.
Something hits you!
You die...
Your body rises from the dead as a mindless zombie.

######## ## #####......#
.. .....# #.####
#####.###..####....#
......{@....>......##
....................####
..?..#########...)......
..#. .........###.#### .
# ########.# #.# #.# #.#
#.# #.# #.# #.# #.# #.#


There were no monsters in sight!

Vanquished Creatures
  3 adders (D:2)
  A dart slug (D:2)
  2 bats (D:2)
  5 endoplasms
  2 giant cockroaches (D:1)
  5 goblins
  2 hobgoblins (D:2)
  2 jackals (D:1)
  4 kobolds (D:1)
  A quokka (D:2)
  5 ball pythons (D:2)
  2 frilled lizards (D:2)
  2 rats (D:2)
36 creatures vanquished.

Vanquished Creatures (collateral kills)
  A rat (D:2)
1 creature vanquished.

Vanquished Creatures (others)
  A frilled lizard zombie (D:2)
  A quokka zombie (D:2)
2 creatures vanquished.

Grand Total: 39 creatures vanquished

Notes
Turn   | Place    | Note
-------+----------+-------------------------------------------
     0 | D:1      | Iusername the Minotaur Fighter began the quest for the Orb.
     0 | D:1      | Reached XP level 1. HP: 19/19 MP: 0/0
    64 | D:1      | Found a faded altar of an unknown god.
    78 | D:1      | Reached XP level 2. HP: 13/27 MP: 1/1
    96 | D:1      | Prayed at the altar of an unknown god.
    96 | D:1      | Became a worshipper of Yredelemnul the Dark
    96 | D:1      | Reached * piety under Yredelemnul
   623 | D:2      | Reached XP level 3. HP: 33/33 MP: 2/2
  1225 | D:3      | Reached XP level 4. HP: 40/40 MP: 3/3
  1241 | D:3      | Noticed Sigmund
  1257 | D:3      | Slain by Sigmund

Illustrated notes

Levels and vault maps discovered:
D:1:      matt_arrival_grand_opening, layout_rooms,
          ebering_ecumenical_altar_rust, minmay_misc_feat_rows
D:2:      layout_loops_ring
D:3:      layout_loops_ring, serial_shops, nicolae_shop_overgrown_old_shop,
          uniq_sigmund

Skill      XL: |  1  2  3 |
---------------+----------+-----
Shields        | 4 |  4.3
Armour         | 4 |  4.3
Fighting       | 4 |  4.3
Polearms       | 3 |  3.0
Dodging        | |  0.5

Action                   |  1- 3 |  4- 6 || total
-------------------------+-------+-------++-------
Melee: Trident           |    77 |    12 ||    89
       Headbutt          |     5 |       ||     5
Armor: Scale mail        |    24 |     1 ||    25
Dodge: Dodged            |    27 |       ||    27
Block: Buckler           |    15 |       ||    15

Table legend: (Time is in decaauts)
 A = Elapsed time spent in this place.
 B = Non-inter-level travel time spent in this place.
 C = Inter-level travel time spent in this place.
 D = Time resting spent in this place.
 E = Time spent auto-exploring this place.
 F = Levels seen in this place.
 G = Mean time per level.
                   A        B        C        D        E       F      G
               +--------+--------+--------+--------+--------+-----+--------+
         Total |   1275 |   1275 |      0 |      0 |   1015 |   3 |  425.0 |
       Dungeon |   1275 |   1275 |      0 |      0 |   1015 |   3 |  425.0 |
               +--------+--------+--------+--------+--------+-----+--------+

Top non-repeatable levels by time:
     D:2: 634 daAuts
     D:1: 550 daAuts
     D:3: 90 daAuts
